 Dungeon Crawl Stone Soup version 0.25-a0-589-g1e14c549ee (webtiles) character file.

Game seed: 16774823370413965651, levelgen mode: deterministic

277475 ipx the Warrior (level 19, -10/180 HPs)
             Began as a Hill Orc Fighter on Mar 8, 2020.
             Was a High Priest of Trog.
             Shot with an arrow by a deep elf master archer (33 damage)
             ... on level 3 of the Elven Halls on Mar 9, 2020.
             The game lasted 04:11:09 (14673 turns).

ipx the Warrior (Hill Orc Fighter)                 Turns: 14673, Time: 04:11:10

Health: -10/180    AC: 40    Str: 27    XL:     19   Next: 93%
Magic:  8/8        EV: 13    Int: 11    God:    Trog [*****.]
Gold:   921        SH: 15    Dex: 14    Spells: 18/18 levels left

rFire    + . .     SeeInvis .   b - +6 broad axe (antimagic)
rCold    + + .     Gourm    .   w - +0 kite shield {AC+3}
rNeg     + . .     Faith    +   F - +7 gold dragon scales
rPois    +         Spirit   .   k - +1 helmet
rElec    .         Reflect  .   Z - +0 cloak
rCorr    .         Harm     .   (no gloves)
MR       +++..                  P - +2 pair of boots
Stlth    ..........             J - amulet of faith
HPRegen  0.00/turn              m - ring of the Mage {Wiz MR++ Int+3}
MPRegen  0.11/turn              e - ring of positive energy

@: no status effects
A: agile 1, cold resistance 1, low mp 1, sense surroundings 1, inhibited
regeneration, strong 1, MP-powered wands, sturdy frame 1
}: 3/15 runes: decaying, slimy, gossamer
a: Berserk, Trog's Hand, Brothers in Arms, Renounce Religion


You were on level 3 of the Elven Halls.
You worshipped Trog.
Trog was extremely pleased with you.
You were not hungry.

You visited 8 branches of the dungeon, and saw 40 of its levels.
You also visited: Bailey and Ice Cave.

You collected 3106 gold pieces.
You spent 2185 gold pieces at shops.

Inventory:

Hand Weapons
 a - a +6 vampiric broad axe
 b - a +6 antimagic broad axe (weapon)
Missiles
 r - 2 javelins (quivered)
 I - a throwing net
Armour
 k - a +1 helmet (worn)
 w - a +0 kite shield of protection (worn)
 F - +7 gold dragon scales (worn)
 H - a +0 troll leather armour
 P - a +2 pair of boots (worn)
 Z - a +0 cloak (worn)
Jewellery
 e - a ring of positive energy (right hand)
 f - the ring "Ufasym" {rElec rF+ Int+3}
   (You found it on level 5 of the Pits of Slime)

   [ring of intelligence]

   It affects your intelligence (+3).
   It protects you from fire.
   It insulates you from electricity.
 m - the ring of the Mage (left hand) {Wiz MR++ Int+3}
   (You found it on level 5 of the Pits of Slime)

   [ring of wizardry]

   It improves your spell success rate.
   It affects your intelligence (+3).
   It affects your resistance to hostile enchantments.
 o - a +3 ring of protection
 s - a +2 ring of slaying
 v - the ring "Jiaduts" {Ice SInv}
   (You found it on level 5 of the Pits of Slime)

   [ring of ice]

   It enhances your ice magic.
   It makes you vulnerable to fire.
   It protects you from cold.
   It lets you see invisible.
 J - an amulet of faith (around neck)
 L - an uncursed ring of protection from fire
 V - an uncursed amulet of magic regeneration {unknown}
Wands
 d - a wand of scattershot (2)
 h - a wand of acid (11)
 j - a wand of digging (17)
 z - a wand of polymorph (7)
 S - a wand of paralysis (6)
 T - a wand of iceblast (11)
Scrolls
 c - a scroll of fear
 g - 6 scrolls of magic mapping
 u - 5 scrolls of vulnerability
 x - a scroll of torment
 y - a scroll of immolation
 A - 11 scrolls of remove curse
 C - a scroll of brand weapon
 D - a scroll of noise
 N - a scroll of enchant weapon
 Q - a scroll of blinking
 Y - 5 scrolls of teleportation
Potions
 i - 6 potions of ambrosia
 l - 5 potions of lignification
 q - 3 potions of cancellation
 t - 4 potions of haste
 B - 5 potions of curing
 E - 4 potions of flight
 G - a potion of resistance
 O - 2 potions of invisibility
 R - 5 potions of stabbing
 W - 4 potions of might
 X - 6 potions of heal wounds
Miscellaneous
 n - a phial of floods (inert)
 K - 2 sacks of spiders
 M - a lightning rod (4/4)
Comestibles
 p - 32 rations


   Skills:
 + Level 18.3 Fighting
 - Level 18.0 Axes
 + Level 17.6 Armour
 + Level 12.3 Dodging
 - Level 15.0 Shields
 - Level 12.0 Evocations


You had 18 spell levels left.
You didn't know any spells.
Your spell library was empty.

Dungeon Overview and Level Annotations

Branches:
Dungeon (15/15)            Temple (1/1) D:5            Lair (6/6) D:11
  Swamp (4/4) Lair:2       Spider (4/4) Lair:2        Slime (5/5) Lair:6
    Orc (2/2) D:12            Elf (3/3) Orc:2        Vaults (0/5) D:13
 Depths (0/5) D:15         Bailey (visited)           IceCv (visited)

Altars:
Ashenzari
Cheibriados
Dithmenos
Elyvilon
Fedhas
Gozag
Hepliaklqana
Kikubaaqudgha
Makhleb
Nemelex Xobeh
Okawaru
Qazlal
Sif Muna
Trog
Uskayaw
Vehumet
Wu Jian
Xom
Yredelemnul
Zin
The Shining One
Beogh
Jiyva

Shops:
D:4 !   Orc:2 %(%!   Elf:3 *

Annotations:
D:15 exclusion: upstairs
Lair:4 exclusion: oklob plant
Swamp:1 2 runed translucent doors, EnegeticOcto's ghost, journeyman DDFi
Swamp:4 exclusion: 3 oklob plants
Elf:2 3 runed translucent doors


Innate Abilities, Weirdness & Mutations

You are agile. (Dex +2)
Your flesh is cold resistant. (rC+)
Your magical capacity is low. (-10% MP)
You passively map a small area around you.
You do not regenerate when monsters are visible.
Your muscles are strong. (Str +2)
You expend magic power (3 MP) to strengthen your wands.
Your movements are slightly less encumbered by armour. (ER -2)


Message History

You barely miss the deep elf master archer.
The deep elf master archer is severely wounded.
You slash the deep elf elementalist!
The deep elf elementalist's magic leaks into the air.
The deep elf master archer shoots an arrow.
You block the arrow.
You block the deep elf elementalist's attack.
You slash the deep elf master archer!
The deep elf master archer is almost dead.
You hit the earth elemental. You slash the deep elf elementalist!
The deep elf elementalist's magic leaks into the air.
The deep elf master archer shoots an arrow.
You block the arrow.
You hit the deep elf master archer.
The deep elf master archer is almost dead.
You completely miss the deep elf elementalist.
You hit the earth elemental but do no damage.
The deep elf master archer shoots an arrow.
The arrow hits you!!
You die...

**,..#*###.....(............§E...
,,,,,,,,.#....[.............§§§..
....).......................8§8..
.......,,#...................<...
.#....#**#..................8.8..
.#....# #.........[.............
.#....####.......#(.######.......
.#.......###.###.e(# #####.#.
.##......###(...@E[## #...
.<...._...##.#(.(e[.# ###.
..........##.#(.....## #.
.##.......##.#...#...###########.
.##.#..........#####()...........
.......##.##(#.).#.(.############
.##.#..##.##.#.#.#..##
..........##.#.....[##
.......#####.#######)##


You could see a deep elf master archer, a deep elf elementalist and an earth
elemental.

Vanquished Creatures
  the Royal Jelly (Slime:5)
  3 deep elf master archers (Elf:3)
  13 acid blobs
  4 thorn hunters
  Agnes (Spider:1)
  10 azure jellies
  4 emperor scorpions (Spider:4)
  3 ghost moths
  A frost giant (IceCv)
  4 deep elf sorcerers (Elf:3)
  4 deep elf elementalists
  Azrael (D:13)
  2 vampire knights (Swamp:4)
  6 deep elf demonologists (Elf:3)
  4 deep elf annihilators (Elf:3)
  3 spark wasps (Spider:4)
  4 deep elf death magi (Elf:3)
  5 death oozes
  5 deep elf high priests (Elf:3)
  4 great orbs of eyes
  13 hydras
  2 shambling mangroves (Swamp:4)
  4 vault guards (D:13)
  A catoblepas (Lair:6)
  6 alligators
  7 death yaks
  A centaur warrior (D:15)
  4 two-headed ogres
  3 orc high priests (Orc:2)
  10 deep elf knights
  5 unseen horrors
  A flayed ghost (Swamp:4)
  A glowing orange brain (Slime:3)
  An unseen horror (shapeshifter) (D:14)
  4 swamp dragons (Swamp:4)
  2 spriggan druids (Swamp:4)
  2 spectral hydras (Swamp:4)
  A lindwurm (Lair:5)
  5 orc knights
  17 orb spiders
  5 deep elf archers (Elf:3)
  A phantasmal warrior (Swamp:4)
  24 deep elf magi
  7 shining eyes
  27 wolf spiders
  15 ugly things
  6 orc sorcerers
  A manticore (D:14)
  2 cyclopes
  2 moths of wrath (Spider:4)
  Maurice (D:13)
  A guardian serpent (Lair:6)
  A centaur zombie (D:12)
  An ice statue (IceCv)
  3 eyes of devastation
  6 black mambas
  18 spiny frogs
  4 centaur skeletons
  7 rime drakes
  A komodo dragon (Lair:2)
  4 yaktaurs (D:15)
  An efreet (D:14)
  A freezing wraith (Swamp:4)
  A kobold demonologist (Bailey)
  10 demonic crawlers
  31 jumping spiders
  4 hydra zombies (Swamp:4)
  16 polar bears
  13 trolls
  9 tyrant leeches
  18 hornets
  6 dream sheep
  53 slime creatures
  A death drake skeleton (Swamp:4)
  11 blink frogs
  4 hydra skeletons (Swamp:4)
  3 bog bodies
  17 hippogriffs
  Sigmund (D:6)
  3 shadows
  A centaur simulacrum (D:14)
  13 wyverns
  A spriggan (Swamp:4)
  A vampire (D:15)
  42 redbacks
  A hungry ghost (D:11)
  23 tarantellas
  2 basilisks
  39 yaks
  3 golden eyes
  2 fire elementals
  12 vampire mosquitoes
  4 wargs
  6 swamp worms
  4 insubstantial wisps (Swamp:3)
  An acid dragon (D:10)
  A soldier ant (D:12)
  11 water moccasins
  4 hydra simulacra (Swamp:4)
  6 porcupines
  6 hell hounds
  33 orc warriors
  6 swamp drakes (Swamp:4)
  A swamp dragon zombie (Swamp:4)
  12 ice beasts
  A black bear (D:11)
  2 phantoms (D:6)
  7 ogres
  6 eyes of draining
  3 sky beasts
  14 wolves
  6 centaurs
  9 crocodiles
  3 big kobolds
  6 bullfrogs
  Blork the orc (D:4)
  An earth elemental (Elf:3)
  A gnoll sergeant (Orc:1)
  A wyvern zombie (D:13)
  2 scorpions
  6 killer bees
  2 electric eels (Spider:4)
  11 wights
  3 crimson imps
  5 howler monkeys
  4 bullfrog skeletons
  A bullfrog zombie (D:5)
  5 hounds
  5 jellies
  24 orc priests
  3 iguanas
  26 orc wizards
  5 hell rats (Lair:6)
  10 worker ants
  Natasha (D:4)
  A killer bee zombie (D:4)
  A hound skeleton (D:5)
  2 worker ant zombies
  Robin (D:2)
  15 gnolls
  13 adders
  4 shadow imps
  An adder skeleton (D:4)
  2 worms
  A dart slug (D:1)
  4 leopard geckos
  75 orcs
  3 bats
  3 giant cockroaches (D:5)
  17 hobgoblins
  13 jackals
  3 quokkas
  A frilled lizard (D:1)
  A giant cockroach zombie (D:6)
  24 goblins
  8 kobolds
  4 rats
  5 fungi (Lair:6)
  2 plants (Lair:6)
1125 creatures vanquished.

Vanquished Creatures (collateral kills)
  3 acid blobs
  A death ooze (Slime:4)
  2 wolf spiders (Spider:1)
  3 shining eyes
  A demonic crawler (Spider:1)
  3 slime creatures
  2 eyes of draining (Slime:4)
15 creatures vanquished.

Vanquished Creatures (others)
  A dancing weapon (Elf:2)
  A deep elf knight (Elf:2)
  2 bullfrog skeletons (D:13)
  A bush (Lair:6)
  11 fungi (Lair:6)
  20 plants
36 creatures vanquished.

Grand Total: 1176 creatures vanquished

Notes
Turn   | Place    | Note
-------+----------+-------------------------------------------
     0 | D:1      | ipx the Hill Orc Fighter began the quest for the Orb.
     0 | D:1      | Reached XP level 1. HP: 19/19 MP: 1/1
    81 | D:1      | Reached XP level 2. HP: 26/26 MP: 2/2
   257 | D:2      | Noticed Robin
   262 | D:2      | Reached XP level 3. HP: 21/33 MP: 3/3
   305 | D:2      | Killed Robin
   478 | D:3      | Reached XP level 4. HP: 41/41 MP: 4/4
   514 | D:3      | Noticed a sky beast
   535 | D:3      | Killed a sky beast
   535 | D:3      | Reached skill level 5 in Fighting
   535 | D:3      | Reached skill level 5 in Axes
   535 | D:3      | Reached XP level 5. HP: 41/48 MP: 5/5
   624 | D:4      | Noticed Blork the orc
   647 | D:4      | Killed Blork the orc
   647 | D:4      | Reached skill level 1 in Evocations
   648 | D:4      | Noticed an ice beast
   653 | D:4      | Killed an ice beast
   653 | D:4      | Reached XP level 6. HP: 36/57 MP: 5/7
   706 | D:5      | Entered Level 5 of the Dungeon
   765 | D:4      | Reached XP level 7. HP: 37/64 MP: 8/8
   766 | D:4      | Found a hide-covered altar of Uskayaw.
   775 | D:4      | Found Ihisee's Distillery.
   781 | D:4      | Bought a potion of curing for 39 gold pieces
   781 | D:4      | Bought a potion of lignification for 39 gold pieces
   863 | D:4      | Noticed Natasha
  1075 | D:4      | Killed Natasha
  1197 | D:5      | Found a staircase to the Ecumenical Temple.
  1201 | Temple   | Entered the Ecumenical Temple
  1274 | Temple   | Became a worshipper of Trog the Wrathful
  1483 | D:7      | Reached skill level 5 in Shields
  1562 | D:7      | Reached XP level 8. HP: 49/73 MP: 9/9
  1646 | D:8      | Found a hazy altar of Hepliaklqana.
  1663 | D:8      | Found an ornate altar of the Wu Jian Council.
  1663 | D:8      | Found a stormy altar of Qazlal.
  1725 | D:8      | Noticed a hippogriff
  1731 | D:8      | Killed a hippogriff
  1731 | D:8      | Reached * piety under Trog
  1838 | D:7      | Found a blossoming altar of Fedhas.
  1899 | D:8      | Reached skill level 5 in Armour
  2085 | D:9      | Reached XP level 9. HP: 52/81 MP: 8/10
  2102 | D:9      | Found a flagged portal.
  2121 | Bailey   | Entered a bailey
  2152 | Bailey   | Found an iron altar of Okawaru.
  2152 | Bailey   | Noticed a kobold demonologist
  2152 | Bailey   | Noticed an orc sorcerer
  2161 | Bailey   | Killed a kobold demonologist
  2168 | Bailey   | Killed an orc sorcerer
  2217 | Bailey   | Reached ** piety under Trog
  2236 | Bailey   | Reached skill level 10 in Axes
  2436 | D:10     | Entered Level 10 of the Dungeon
  2595 | D:10     | Noticed a hornet
  2606 | D:10     | Killed a hornet
  2681 | D:10     | Reached XP level 10. HP: 75/88 MP: 9/11
  2759 | D:9      | Reached *** piety under Trog
  2804 | D:9      | Found a burning altar of Makhleb.
  3116 | D:11     | Killed an unseen horror
  3148 | D:11     | Killed an unseen horror
  3327 | D:11     | Reached skill level 10 in Shields
  3331 | D:11     | Reached XP level 11. HP: 80/94 MP: 12/12
  3347 | D:11     | Noticed a green ugly thing
  3353 | D:11     | Killed a green ugly thing
  3371 | D:11     | Reached **** piety under Trog
  3389 | D:11     | Noticed a two-headed ogre
  3400 | D:11     | Killed a two-headed ogre
  3482 | D:11     | Reached skill level 10 in Armour
  3520 | D:11     | Found a staircase to the Lair.
  3546 | Lair:1   | Entered Level 1 of the Lair of Beasts
  3573 | Lair:2   | Noticed a six-headed hydra
  3589 | Lair:1   | Killed a six-headed hydra
  3742 | Lair:2   | Found a hole to the Spider Nest.
  3925 | Lair:1   | Noticed a five-headed hydra
  3990 | Lair:2   | Reached XP level 12. HP: 48/101 MP: 9/13
  4087 | Lair:4   | Reached ***** piety under Trog
  4087 | Lair:4   | Received a gift from Trog
  4133 | Lair:6   | Entered Level 6 of the Lair of Beasts
  4167 | Lair:5   | Noticed a death yak
  4168 | Lair:5   | Noticed a six-headed hydra
  4172 | Lair:5   | Noticed a death yak
  4223 | Lair:6   | Reached skill level 15 in Axes
  4547 | Lair:6   | Found a staircase to the Slime Pits.
  4561 | Lair:6   | Reached XP level 13. HP: 105/107 MP: 14/14
  4563 | Lair:6   | Received a gift from Trog
  5088 | Lair:3   | Reached skill level 15 in Shields
  5404 | Lair:2   | Found a staircase to the Swamp.
  5461 | Lair:1   | Received a gift from Trog
  5467 | Lair:1   | Got a twisted war axe {god gift}
  5472 | Lair:1   | Identified the +4 war axe "Pocuc" {flame, Dex+2} (Trog
                  | gifted it to you on level 1 of the Lair of Beasts)
  5624 | D:12     | Reached skill level 1 in Dodging
  5650 | D:12     | Reached XP level 14. HP: 111/118 MP: 13/17
  5901 | D:12     | Reached skill level 5 in Evocations
  5969 | D:12     | Found a staircase to the Orcish Mines.
  6064 | D:13     | Upgraded the game from 0.25-a0-583-g696c2ac64d to
                  | 0.25-a0-589-g1e14c549ee
  6152 | D:13     | Reached skill level 10 in Fighting
  6331 | D:13     | Received a gift from Trog
  6383 | D:13     | Noticed Maurice
  6393 | D:13     | Killed Maurice
  6527 | D:13     | Found a gate to the Vaults.
  6535 | D:13     | Noticed Azrael
  6579 | D:13     | Killed Azrael
  6732 | D:15     | Entered Level 15 of the Dungeon
  6897 | D:15     | Found a radiant altar of Vehumet.
  6898 | D:15     | Found a shimmering altar of Xom.
  6898 | D:15     | Found an ornate altar of the Wu Jian Council.
  6969 | D:15     | Received a gift from Trog
  6979 | D:15     | Found a staircase to the Depths.
  7002 | D:14     | Reached skill level 5 in Dodging
  7081 | D:14     | Reached XP level 15. HP: 121/130 MP: 19/19
  7240 | Orc:1    | Entered Level 1 of the Orcish Mines
  7282 | Orc:1    | Received a gift from Trog
  7305 | Orc:1    | Found a frozen archway.
  7333 | IceCv    | Entered an ice cave
  7457 | IceCv    | Noticed a frost giant
  7479 | IceCv    | Killed a frost giant
  7737 | Orc:1    | Gained mutation: Your flesh is heat resistant. (rF+)
                  | [potion of mutation]
  7737 | Orc:1    | Gained mutation: Your muscles are strong. (Str +2) [potion
                  | of mutation]
  7768 | Orc:2    | Entered Level 2 of the Orcish Mines
  7768 | Orc:2    | Found a staircase to the Elven Halls.
  7783 | Orc:2    | Received a gift from Trog
  7792 | Orc:2    | Reached ****** piety under Trog
  7987 | Orc:2    | Received a gift from Trog
  8009 | Orc:2    | Found a roughly hewn altar of Beogh.
  8099 | Orc:2    | Found Juyl's Weapon Boutique.
  8174 | Orc:2    | Received a gift from Trog
  8189 | Orc:2    | Found Osoc's Distillery.
  8193 | Orc:2    | Found Gugatiu's Food Shoppe.
  8197 | Orc:2    | Found Zekh's Food Boutique.
  8233 | Orc:2    | Bought a potion of haste for 120 gold pieces
  8233 | Orc:2    | Bought a potion of heal wounds for 60 gold pieces
  8233 | Orc:2    | Bought a potion of heal wounds for 60 gold pieces
  8233 | Orc:2    | Bought a potion of might for 48 gold pieces
  8233 | Orc:2    | Bought a potion of resistance for 120 gold pieces
  8233 | Orc:2    | Bought 2 potions of invisibility for 192 gold pieces
  8233 | Orc:2    | Bought a potion of magic for 96 gold pieces
  8233 | Orc:2    | Bought a potion of lignification for 36 gold pieces
  8374 | Swamp:1  | Entered Level 1 of the Swamp
  8384 | Swamp:1  | Noticed a thorn hunter
  8402 | Swamp:1  | Killed a thorn hunter
  8443 | Swamp:4  | Entered Level 4 of the Swamp
  8529 | Swamp:4  | Reached XP level 16. HP: 92/144 MP: 22/22
  8712 | Swamp:4  | Received a gift from Trog
  8713 | Swamp:4  | Got a polished broad axe {god gift}
  8714 | Swamp:4  | Identified the +3 broad axe of Patterns {flame, rElec}
                  | (Trog gifted it to you on level 4 of the Swamp)
  9012 | Swamp:4  | Noticed a thorn hunter
  9027 | Swamp:4  | Killed a thorn hunter
  9072 | Swamp:4  | Noticed a thorn hunter
  9087 | Swamp:4  | Killed a thorn hunter
  9090 | Swamp:4  | Noticed a thorn hunter
  9109 | Swamp:4  | Killed a thorn hunter
  9109 | Swamp:4  | Received a gift from Trog
  9208 | Swamp:4  | Found a basalt altar of Yredelemnul.
  9222 | Swamp:4  | Got a decaying rune of Zot
  9280 | Swamp:4  | Found a blossoming altar of Fedhas.
  9436 | Swamp:1  | Found a large runed translucent door.
  9436 | Swamp:1  | Found a large runed translucent door.
  9471 | Swamp:1  | Noticed EnegeticOcto's ghost (journeyman DDFi)
  9539 | Spider:1 | Entered Level 1 of the Spider Nest
  9694 | Spider:1 | Received a gift from Trog
  9812 | Spider:1 | Reached XP level 17. HP: 154/154 MP: 23/23
  9923 | Spider:1 | Noticed Agnes
  9930 | Spider:1 | Killed Agnes
 10063 | Spider:3 | Received a gift from Trog
 10106 | Spider:3 | Reached skill level 15 in Fighting
 10143 | Spider:4 | Entered Level 4 of the Spider Nest
 10313 | Spider:4 | Received a gift from Trog
 10350 | Spider:4 | Reached skill level 15 in Armour
 10356 | Spider:4 | Reached skill level 10 in Evocations
 10686 | Spider:4 | Reached skill level 10 in Dodging
 10781 | Spider:4 | Got a gossamer rune of Zot
 10871 | Spider:4 | Received a gift from Trog
 11104 | Slime:1  | Entered Level 1 of the Pits of Slime
 11106 | Slime:1  | Gained mutation: You are dopey. (Int -2) [a shining eye]
 11108 | Slime:1  | Noticed an acid blob
 11118 | Slime:1  | Killed an acid blob
 11155 | Slime:2  | Noticed an acid blob
 11159 | Slime:1  | Reached XP level 18. HP: 111/166 MP: 26/26
 11215 | Slime:2  | Gained mutation: You are occasionally teleported next to
                  | monsters. [a shining eye]
 11398 | Slime:3  | Gained mutation: Your magical capacity is low. (-10% MP) [a
                  | shining eye]
 11443 | Slime:3  | Paralysed by a great orb of eyes for 3 turns
 11452 | Slime:3  | Received a gift from Trog
 11519 | Slime:4  | Gained mutation: Scrolls take you a little longer to read.
                  | [a shining eye]
 11522 | Slime:4  | Gained mutation: Scrolls take you longer to read. [a
                  | shining eye]
 11729 | Slime:5  | Entered Level 5 of the Pits of Slime
 11923 | Slime:5  | Noticed the Royal Jelly
 11935 | Slime:5  | Found a viscous altar of Jiyva.
 11945 | Slime:5  | Killed the Royal Jelly
 12004 | Slime:5  | Reached XP level 19. HP: 177/177 MP: 25/25
 12007 | Slime:5  | Received a gift from Trog
 12043 | Slime:5  | Got a twitching pewter ring
 12047 | Slime:5  | Identified the ring "Ufasym" {rElec rF+ Int+3} (You found
                  | it on level 5 of the Pits of Slime)
 12069 | Slime:5  | Got a brightly glowing iron ring
 12071 | Slime:5  | Identified the ring "Jiaduts" {Ice SInv} (You found it on
                  | level 5 of the Pits of Slime)
 12075 | Slime:5  | Got an ancient ivory ring
 12077 | Slime:5  | Identified the ring of Secrets {rC+ Stlth+} (You found it
                  | on level 5 of the Pits of Slime)
 12090 | Slime:5  | Found the ring of the Mage {Wiz MR++ Int+3}
 12115 | Slime:5  | Got a slimy rune of Zot
 12318 | Lair:5   | Noticed Nessos
 12322 | Lair:5   | Noticed Nessos
 12322 | Lair:5   | Nessos changed into Nessos the dream sheep
 12331 | Lair:5   | Killed Nessos the dream sheep
 12766 | D:6      | Noticed Sigmund
 12773 | D:6      | Killed Sigmund
 12832 | D:4      | Bought a potion of heal wounds for 65 gold pieces
 12832 | D:4      | Bought a potion of stabbing for 52 gold pieces
 12832 | D:4      | Bought a potion of might for 52 gold pieces
 12832 | D:4      | Bought 2 potions of flight for 78 gold pieces
 12832 | D:4      | Bought a potion of mutation for 104 gold pieces
 12832 | D:4      | Lost mutation: Scrolls take you longer to read. [potion of
                  | mutation]
 12832 | D:4      | Lost mutation: Scrolls take you a little longer to read.
                  | [potion of mutation]
 12832 | D:4      | Lost mutation: You are dopey. (Int -2) [potion of mutation]
 12832 | D:4      | Gained mutation: You expend magic power (3 MP) to
                  | strengthen your wands. [potion of mutation]
 12832 | D:4      | Gained mutation: You are agile. (Dex +2) [potion of
                  | mutation]
 12832 | D:4      | Gained mutation: You passively map a small area around you.
                  | [potion of mutation]
 13084 | Elf:1    | Entered Level 1 of the Elven Halls
 13174 | Elf:1    | Received a gift from Trog
 13263 | Elf:3    | Entered Level 3 of the Elven Halls
 13263 | Elf:3    | Found a shimmering altar of Xom.
 13301 | Elf:3    | Found Tialad's Assorted Antiques.
 13309 | Elf:3    | Bought a potion of mutation for 256 gold pieces
 13309 | Elf:3    | Lost mutation: You are occasionally teleported next to
                  | monsters. [potion of mutation]
 13309 | Elf:3    | Lost mutation: Your flesh is heat resistant. (rF+) [potion
                  | of mutation]
 13309 | Elf:3    | Gained mutation: Your flesh is cold resistant. (rC+)
                  | [potion of mutation]
 13309 | Elf:3    | Gained mutation: You do not regenerate when monsters are
                  | visible. [potion of mutation]
 13309 | Elf:3    | Gained mutation: Your movements are slightly less
                  | encumbered by armour. (ER -2) [potion of mutation]
 13310 | Elf:3    | Bought a scroll of identify for 64 gold pieces
 13310 | Elf:3    | Identified a scroll of acquirement
 13324 | Elf:3    | Bought a potion of curing for 96 gold pieces
 13324 | Elf:3    | Bought a scroll of teleportation for 96 gold pieces
 13324 | Elf:3    | Bought a wand of digging (6) for 256 gold pieces
 13324 | Elf:3    | Bought a scroll of teleportation for 96 gold pieces
 13324 | Elf:3    | Bought a blackened silver ring for 160 gold pieces
 13587 | Elf:3    | Received a gift from Trog
 13588 | Elf:3    | Got a translucent eveningstar {god gift}
 13589 | Elf:3    | Identified the +0 eveningstar of the Hummingbird {flame,
                  | *Slow rElec Int+4 Stlth+} (Trog gifted it to you on level 3
                  | of the Elven Halls)
 13700 | Elf:3    | Noticed a Brimstone Fiend
 13704 | Elf:3    | Noticed a Brimstone Fiend
 13705 | Elf:3    | Noticed a Hell Sentinel
 13794 | Elf:2    | Found a runed translucent gate.
 13795 | Elf:2    | Found a runed translucent gate.
 13799 | Elf:2    | Found a runed translucent gate.
 14110 | Elf:3    | Identified the +6 battleaxe "Hell-Harrower" {vorpal, rPois}
 14139 | Elf:3    | Received a gift from Trog
 14294 | Elf:3    | Identified the +6 rapier "Zedun" {pain, *Rage rF+ Int+2
                  | Dex+4}
 14295 | Elf:3    | Identified the +5 dagger "Banisher" {elec, *Rage rPois
                  | Dex+2 Stlth+}
 14326 | Elf:3    | Identified the ring "Zirocoh" {+Fly rElec Dex+4 Slay-6}
 14340 | Elf:3    | Identified the +9 eveningstar of Kuluclyq {distort, rElec
                  | MR+}
 14372 | Elf:3    | Identified the ring "Xaerutt" {rC+ Stlth-}
 14673 | Elf:3    | Shot with an arrow by a deep elf master archer

Levels and vault maps discovered:
D:1:      matt_arrival_grand_opening, layout_basic, nrook_mini_vaults,
          chequers_serial_rivers_micro_b, solitary_fountain,
          hangedman_decor_points
D:2:      layout_loops_ring, yredelemnul_altar_generic, uniq_robin
D:3:      layout_rooms, first_ration
D:4:      layout_basic, marbit_many_paths, serial_shops, nicolae_shop_trees,
          uniq_natasha, uniq_blork_the_orc
D:5:      layout_loops_ring, temple_statues, corexii_shack,
          chequers_serial_rivers_micro_d, minmay_misc_feat_x, st_stairs_9,
          minivault_11, kennysheep_generic_room_14
D:6:      layout_layer_cave, lemuel_doored_altar, corexii_corridor_pit,
          nicolae_dithmenos_the_darkroom, uniq_menkaure, uniq_sigmund,
          uniq_prince_ribbit1
D:7:      layout_loops_ring, fedhas_altar_2, feat_on_display
D:8:      layout_loops_ring, gammafunk_temple_overflow_forgotten,
          corner_web_ring
D:9:      layout_gridville, enter_bailey_3, basic_altar
D:10:     layout_loops_corners, blue_anna_alchemist [blue_anna_fruit_fields,
          blue_anna_fruit_fields], kennysheep_generic_room_2
D:11:     layout_roguey, lair_entry_dummy
D:12:     layout_stronghold, orc_0_dummy
D:13:     layout_loops_ring, lightli_vaults_fourway_checkpoint,
          hangedman_abyss_or_decor_passed, kennysheep_generic_room_9,
          uniq_azrael, uniq_sonja, uniq_maurice
D:14:     kennysheep_seaside_town, layout_basic, lemuel_altar_in_water
D:15:     hangedman_slaughterboxes
Temple:   regret_index_temple_generic_petals
Lair:1:   layout_small_grid, lemuel_fruit_tree
Lair:2:   layout_roguey, swamp_mist, spider_nest_entry_webs, minivault_27,
          grunt_megastairs_2
Lair:3:   layout_misc_corridors
Lair:4:   layout_hall_layers, minmay_lair_oklob_chamber, grunt_megastairs_3
Lair:5:   layout_big_grid, beast_lair_carwin_6, uniq_nessos
Lair:6:   hangedman_lair_tendril_chambers, layout_gridlike, slime_dummy,
          special_room [special_room_mythical_zoo]
Swamp:1:  layout_falls_marsh, ebering_ghost_disaster_area, serial_swamp_ruin,
          evilmike_swamp_ruin_house_2, evilmike_swamp_ruin_house_4,
          evilmike_swamp_ruin_house_5, uniq_josephine
Swamp:2:  layout_basic_swamp, evilmike_swamp_ruin_rubble_1, uniq_jorgrun
Swamp:3:  layout_basic_swamp, hangedman_swamp_ruin_hall, swamp_pool2,
          nicolae_swamp_dense_foliage, infiniplex_staircase_pool_2, uniq_aizul
Swamp:4:  byrel_swamp_growth_death_and_undeath, layout_basic_swamp
Spider:1: cheibrodos_spider_deadly_dance, uniq_agnes
Spider:2: layout_spider_delve, nicolae_spider_cling_halls
Spider:3: layout_spider_delve
Spider:4: guppyfry_spider_rune, einodemon_crawler_minivault
Slime:1:  cheibrodos_slime_lost_civilization_3, layout_caves
Slime:2:  layout_caves
Slime:3:  layout_caves
Slime:4:  layout_caves
Slime:5
Orc:1:    layout_caves, portal_ice_cave_entry_ice_beasts, rock_pile
Orc:2:    st_orc_elflike, layout_caves, basic_altar
Elf:1:    eino_elf_arrival_customs, layout_gridlike,
          kennysheep_underground_church
Elf:2:    layout_loops_ring, portal_desolation_entry_twin_temple, st_stairs_5
Elf:3:    minmay_elf_hall_not_hex, layout_loops_cross, serial_shops,
          nicolae_shop_trees, basic_altar, st_stairs_14

Skill      XL: |  1  2  3  4  5  6  7  8  9 10 11 12 13 14 15 16 17 18 19 |
---------------+----------------------------------------------------------+-----
Axes           | 3 4 5 6 7 8 10 12 14 16 18 | 18.0
Fighting       | 4 5 6 7 8 9 11 13 14 15 17 18 | 18.3
Evocations     | 1 2 4 6 8 9 10 12 | 12.0
Shields        | 5 6 8 10 12 14 15 | 15.0
Armour         | 5 7 9 10 11 13 14 15 16 17 | 17.6
Dodging        | 1 5 7 8 10 11 12 | 12.3

Action                   |  1- 3 |  4- 6 |  7- 9 | 10-12 | 13-15 | 16-18 | 19-21 || total
-------------------------+-------+-------+-------+-------+-------+-------+-------++-------
Melee: War axe           |    93 |    49 |   232 |   341 |    10 |       |       ||   725
       Dagger            |       |    22 |   130 |       |       |       |       ||   152
       Morningstar       |       |       |       |     8 |    11 |       |       ||    19
       Broad axe         |       |       |       |   183 |  1197 |  1059 |   563 ||  3002
Throw: Dart              |       |       |       |       |     7 |    62 |       ||    69
Invok: Berserk           |       |       |     2 |     2 |     1 |     8 |       ||    13
       Trog's Hand       |       |       |       |       |     4 |     3 |     7 ||    14
       Brothers in Arms  |       |       |       |       |       |     5 |       ||     5
Evoke: Wand              |       |       |     5 |    15 |    17 |    85 |    11 ||   133
       Lightning rod     |       |       |       |       |    11 |     5 |       ||    16
       Box of beasts     |       |       |       |       |       |     3 |       ||     3
       Phial of floods   |       |       |       |       |       |       |     1 ||     1
  Use: Scroll            |       |     6 |     4 |     9 |     7 |     7 |    13 ||    46
       Potion            |       |     5 |       |       |     3 |     9 |     4 ||    21
 Stab: Confused          |       |       |       |       |     1 |       |       ||     1
       Invisible         |       |       |       |       |       |    10 |       ||    10
       Distracted        |       |       |       |       |       |     2 |       ||     2
       Paralysed         |       |       |       |       |       |     7 |       ||     7
  Eat: Chunk             |       |       |     9 |    11 |    14 |     6 |     1 ||    41
       Ration            |       |       |       |       |     1 |     6 |     3 ||    10
Armor: Scale mail        |    27 |    36 |    65 |       |       |       |       ||   128
       Chain mail        |       |       |    16 |       |       |       |       ||    16
       Plate armour      |       |       |    32 |       |       |       |       ||    32
       Gold dragon scale |       |       |    19 |   332 |   555 |   914 |   169 ||  1989
Dodge: Dodged            |    23 |    21 |    47 |    58 |   177 |   428 |   101 ||   855
Block: Kite shield       |    36 |    22 |   134 |   335 |   639 |   816 |   251 ||  2233

Table legend:
 A = Non-vault XP
 B = Vault XP
 C = Vault XP percentage of total XP
 D = Non-vault monster count
 E = Vault monster count
 F = Vault count percentage of total count
                 A         B        C        D         E       F
            +---------+---------+-------+---------+---------+-------
      Total |  209099 |  184590 |  46.9 |     767 |     359 |  31.9
            +---------+---------+-------+---------+---------+-------
        D:1 |      28 |       0 |   0.0 |      15 |       0 |   0.0
        D:2 |      13 |      36 |  73.5 |       7 |      12 |  63.2
        D:3 |     128 |       0 |   0.0 |       5 |       0 |   0.0
        D:4 |     490 |     165 |  25.2 |      27 |       3 |  10.0
        D:5 |     201 |      43 |  17.6 |      15 |       1 |   6.2
        D:6 |     514 |     238 |  31.6 |      12 |       1 |   7.7
        D:7 |     372 |       0 |   0.0 |      10 |       0 |   0.0
        D:8 |     862 |       0 |   0.0 |      19 |       0 |   0.0
        D:9 |     929 |       8 |   0.9 |      26 |       4 |  13.3
       D:10 |    2361 |     100 |   4.1 |      17 |       1 |   5.6
       D:11 |    5658 |       0 |   0.0 |      33 |       0 |   0.0
       D:12 |    6862 |       0 |   0.0 |      43 |       0 |   0.0
       D:13 |    4777 |    8037 |  62.7 |      21 |      16 |  43.2
       D:14 |   11657 |       0 |   0.0 |      32 |       0 |   0.0
       D:15 |     526 |    6961 |  93.0 |       2 |      20 |  90.9
     Lair:1 |    4296 |       0 |   0.0 |      14 |       0 |   0.0
     Lair:2 |    4800 |    1124 |  19.0 |      19 |       5 |  20.8
     Lair:3 |    6741 |       0 |   0.0 |      17 |       0 |   0.0
     Lair:4 |    1376 |     834 |  37.7 |       6 |       4 |  40.0
     Lair:5 |    1591 |    3760 |  70.3 |       7 |       7 |  50.0
     Lair:6 |    6399 |   14667 |  69.6 |      32 |      49 |  60.5
    Swamp:1 |    6511 |       0 |   0.0 |      15 |       0 |   0.0
    Swamp:2 |    1208 |       0 |   0.0 |       2 |       0 |   0.0
    Swamp:3 |    3833 |       0 |   0.0 |      11 |       0 |   0.0
    Swamp:4 |   10640 |   27379 |  72.0 |      32 |      40 |  55.6
   Spider:1 |   21211 |    1857 |   8.1 |      61 |       1 |   1.6
   Spider:2 |    1395 |       0 |   0.0 |       6 |       0 |   0.0
   Spider:3 |    9943 |       0 |   0.0 |      29 |       0 |   0.0
   Spider:4 |    9318 |   26605 |  74.1 |      31 |      41 |  56.9
    Slime:1 |    9927 |       0 |   0.0 |      13 |       0 |   0.0
    Slime:2 |   15728 |       0 |   0.0 |      19 |       0 |   0.0
    Slime:3 |   11305 |       0 |   0.0 |      17 |       0 |   0.0
    Slime:4 |   13172 |       0 |   0.0 |      19 |       0 |   0.0
    Slime:5 |    7664 |   23395 |  75.3 |      13 |      10 |  43.5
      Orc:1 |    3934 |    1037 |  20.9 |      44 |      10 |  18.5
      Orc:2 |    3060 |    8323 |  73.1 |      45 |      25 |  35.7
      Elf:1 |    1209 |    2541 |  67.8 |       2 |       5 |  71.4
      Elf:2 |    3487 |    6629 |  65.5 |       6 |       9 |  60.0
      Elf:3 |   14973 |   39737 |  72.6 |      23 |      28 |  54.9
     Bailey |       0 |    1537 | 100.0 |       0 |      31 | 100.0
      IceCv |       0 |    9577 | 100.0 |       0 |      36 | 100.0
            +---------+---------+-------+---------+---------+-------
